 Dungeon Crawl Stone Soup version 0.24.0-123-gd5b16e6ec5 (webtiles) character file.

Game seed: 10125354574069926524, levelgen mode: deterministic

1574 Holewolf1 the Cleaver (level 8, -2/70 HPs)
             Began as a Hill Orc Fighter on Dec 22, 2019.
             Was a Follower of Beogh.
             Slain by a +0 trident of chaos (3 damage)
             ... on level 6 of the Dungeon.
             The game lasted 00:41:41 (7705 turns).

Holewolf1 the Cleaver (Hill Orc Fighter)            Turns: 7705, Time: 00:41:41

Health: -2/70      AC: 14    Str: 21      XL:     8   Next: 90%
Magic:  8/8        EV:  4    Int:  7 (8)  God:    Beogh [*.....]
Gold:   175        SH: 10    Dex:  7 (10) Spells: 7/7 levels left

rFire    + . .     SeeInvis .   a - +1 war axe
rCold    . . .     Gourm    .   c - +0 shield
rNeg     . . .     Faith    .   l - +0 plate armour
rPois    .         Spirit   .   m - +0 helmet
rElec    .         Reflect  .   C - +0 cloak
rCorr    .         Harm     .   (no gloves)
MR       .....                  (no boots)
Stlth    ..........             (no amulet)
HPRegen  0.21/turn              n - ring of protection from fire
MPRegen  0.11/turn              (no ring)

@: lethally poisoned (-2 -> -2), drained
A: no striking features
a: Renounce Religion


You were on level 6 of the Dungeon.
You worshipped Beogh.
Beogh was aware of your devotion.
You were hungry.

You visited 2 branches of the dungeon, and saw 7 of its levels.

You collected 175 gold pieces.

Inventory:

Hand Weapons
 a - a +1 war axe (weapon)
 e - a +0 whip of electrocution
 j - a +0 mace of draining
 p - a +0 dire flail
 y - a +1 halberd of protection
Armour
 b - a +0 scale mail
 c - a +0 shield (worn)
 l - a +0 plate armour (worn)
 m - a +0 helmet (worn)
 A - a +0 helmet
 C - a +0 cloak (worn)
Jewellery
 n - a ring of protection from fire (left hand)
Wands
 r - a wand of paralysis (9)
 t - a wand of polymorph (4)
 v - a wand of iceblast (10)
Scrolls
 g - 4 scrolls of teleportation
 k - a scroll of fear
 o - 7 scrolls of remove curse
 q - a scroll of magic mapping
 u - 2 scrolls of identify
 x - 2 scrolls of fog
 z - 2 scrolls of blinking {unknown}
Potions
 d - a potion of might
 h - 2 potions of curing
 i - a potion of magic
 s - a potion of brilliance
 B - 2 potions of flight
Comestibles
 f - 7 rations


   Skills:
 + Level 6.2(5.4) Fighting
 + Level 9.4(8.5) Axes
 + Level 5.5(4.7) Armour
 + Level 0.8(0.1) Dodging
 + Level 6.9(6.1) Shields
 + Level 1.2(0.5) Unarmed Combat


You had 7 spell levels left.
You didn't know any spells.
Your spell library was empty.

Dungeon Overview and Level Annotations

Branches:
Dungeon (6/15)             Temple (1/1) D:6

Altars:
Ashenzari
Cheibriados
Dithmenos
Elyvilon
Fedhas
Gozag
Hepliaklqana
Kikubaaqudgha
Nemelex Xobeh
Okawaru
Qazlal
Ru
Sif Muna
Trog
Uskayaw
Vehumet
Wu Jian
Xom
Yredelemnul
Zin
The Shining One

Shops:
D:6 (

Annotations:
D:5 Duvessa
D:6 Pikel; Rivaler's ghost, novice HONe


Message History

You feel sick.
The +0 trident of chaos hits you from afar!
* * * LOW HITPOINT WARNING * * *
You feel drained.
* * * LOW HITPOINT WARNING * * *
* * * LOW HITPOINT WARNING * * *
You feel sick.
You block the +0 trident of chaos's attack.
Okay, then.
You block the +0 trident of chaos's attack.
There are monsters nearby!
* * * LOW HITPOINT WARNING * * *
You feel sick.
The +0 trident of chaos hits you but does no damage.
You feel drained.
The +0 trident of chaos hits you but does no damage.
* * * LOW HITPOINT WARNING * * *
You feel sick.
The +0 trident of chaos hits you from afar.
You die...

.........#.# .... #...#
###.######.## #..# ##...
#.........## #..# ##..#
#####.##...###..###...#####
#.##.#..........#.....#
#))..#.........W#.....#
######...###.(###.......#####
#.......## #..# ##......'....
#......## ##@.## ##.....#..##
#......####....# #.....##.##
###.....##.!##..##...###.....
#..................# ###'##
#.....############## #._.#
#.....# ##.## #.....# ###
#.....############
#######.....#....<.....#


You could see a +0 trident of chaos.

Vanquished Creatures
  Menkaure (D:6)
  An orc warrior (D:6)
  2 ice beasts (D:6)
  A slave (D:5)
  A phantom (D:5)
  An ogre (D:4)
  3 centaurs
  Blork the orc (D:4)
  A gnoll sergeant (D:4)
  A scorpion (D:4)
  Dowan (D:5)
  A howler monkey (D:4)
  A gnoll shaman (D:5)
  Ijyb (D:5)
  2 worker ants
  3 orc wizards
  A hound zombie (D:5)
  A hound skeleton (D:5)
  4 adders
  10 gnolls
  4 adder skeletons (D:4)
  5 worms
  2 dart slugs (D:1)
  4 leopard geckos
  7 orcs
  11 giant cockroaches
  7 goblins
  9 hobgoblins
  4 jackals
  4 quokkas
  3 ball pythons
  6 bats
  7 frilled lizards
  8 kobolds
  A leopard gecko skeleton (D:4)
  A quokka skeleton (D:5)
  8 rats
  2 plants (D:4)
131 creatures vanquished.

Vanquished Creatures (others)
  An orc priest (D:5)
  2 orc wizards (D:3)
  2 orcs (D:5)
  A bush (D:5)
  2 plants (D:4)
8 creatures vanquished.

Grand Total: 139 creatures vanquished

Notes
Turn   | Place    | Note
-------+----------+-------------------------------------------
     0 | D:1      | Holewolf1 the Hill Orc Fighter began the quest for the Orb.
     0 | D:1      | Reached XP level 1. HP: 19/19 MP: 1/1
   199 | D:1      | Reached XP level 2. HP: 23/27 MP: 2/2
   245 | D:1      | Reached skill level 3 in Axes
   437 | D:1      | Reached XP level 3. HP: 9/33 MP: 3/3
  1443 | D:2      | You fall into a shaft and drop 2 floors!
  1493 | D:4      | Noticed Blork the orc
  1597 | D:3      | Reached XP level 4. HP: 30/40 MP: 4/4
  1604 | D:3      | Reached skill level 4 in Axes
  1644 | D:3      | Reached XP level 5. HP: 9/46 MP: 5/5
  2374 | D:3      | Found a faded altar of an unknown god.
  3413 | D:4      | Killed Blork the orc
  3413 | D:4      | Reached skill level 5 in Axes
  3413 | D:4      | Reached XP level 6. HP: 35/52 MP: 6/6
  3554 | D:4      | Reached skill level 6 in Axes
  3867 | D:4      | Reached skill level 5 in Shields
  4125 | D:4      | Reached XP level 7. HP: 31/60 MP: 7/7
  4694 | D:5      | Entered Level 5 of the Dungeon
  4754 | D:5      | Became a worshipper of Beogh the Brigand
  4917 | D:5      | Noticed Ijyb
  4951 | D:5      | Killed Ijyb
  5008 | D:5      | Reached skill level 5 in Fighting
  5460 | D:5      | Reached skill level 1 in Unarmed Combat
  5593 | D:5      | Reached skill level 7 in Axes
  5680 | D:5      | Reached XP level 8. HP: 51/69 MP: 8/8
  6048 | D:5      | Reached * piety under Beogh
  6048 | D:5      | Reached skill level 5 in Armour
  6341 | D:5      | Noticed Dowan
  6418 | D:5      | Killed Dowan
  6418 | D:5      | Reached skill level 8 in Axes
  6471 | D:5      | Noticed Duvessa
  6581 | D:6      | Noticed Menkaure
  6590 | D:6      | Killed Menkaure
  7019 | D:6      | Found Ynaiw's Weapon Boutique.
  7130 | D:6      | Reached skill level 9 in Axes
  7173 | D:6      | Found a staircase to the Ecumenical Temple.
  7192 | Temple   | Entered the Ecumenical Temple
  7610 | D:6      | Noticed Pikel
  7672 | D:6      | Found a runed translucent door.
  7672 | D:6      | Found a shimmering altar of Xom.
  7672 | D:6      | Noticed Rivaler's ghost (novice HONe)
  7675 | D:6      | Noticed a +0 trident of chaos
  7696 | D:6      | HP: 3/70 [+0 trident of chaos (7)]
  7701 | D:6      | HP: 1/70 [poisoned by a +0 trident of chaos]
  7705 | D:6      | Slain by a +0 trident of chaos

Levels and vault maps discovered:
D:1:      roderic_crop_circles_arrival_small, layout_loops_ring
D:2:      layout_basic
D:3:      layout_basic, chequers_ecumenical_altar_simple_redux
D:4:      layout_rooms, portal_sewer_entry_f, serial_forest,
          infiniplex_forest_lined_room_3, infiniplex_forest_zigzag_1,
          infiniplex_forest_straight_1, infiniplex_forest_lined_2,
          infiniplex_forest_lined_room_3, infiniplex_forest_clump_long,
          kennysheep_generic_room_8, uniq_blork_the_orc
D:5:      layout_loops_cross, first_ration, kb_lookout_dungeons_type,
          uniq_duvessa, uniq_ijyb
D:6:      layout_basic, minmay_temple_entry_junction_2, ebering_ghost_xom,
          serial_shops, shop, kennysheep_little_box, kennysheep_mini_moat,
          palyth_stone_intersect, uniq_pikel, uniq_menkaure
Temple:   dpeg_three_leaves_temple

Skill      XL: |  1  2  3  4  5  6  7  8 |
---------------+-------------------------+-----
Axes           | 3 4 5 6 7 9 |  9.4
Fighting       | 4 5 6 |  6.2
Armour         | 4 5 |  5.5
Shields        | 4 5 6 |  6.9
Unarmed Combat | 1 |  1.2
Dodging        | |  0.8

Action                   |  1- 3 |  4- 6 |  7- 9 || total
-------------------------+-------+-------+-------++-------
Melee: War axe           |   169 |   241 |   280 ||   690
       Unarmed           |       |       |    17 ||    17
Invok: Convert to Beogh  |       |       |     1 ||     1
  Use: Scroll            |     7 |     2 |     2 ||    11
       Potion            |       |     7 |     3 ||    10
  Eat: Chunk             |     3 |     8 |     8 ||    19
       Ration            |       |       |     1 ||     1
Armor: Scale mail        |    50 |       |       ||    50
       Plate armour      |    21 |   159 |   142 ||   322
       Skin              |       |       |     2 ||     2
Dodge: Dodged            |    43 |    34 |    42 ||   119
Block: Shield            |    86 |   113 |   152 ||   351
